 Dungeon Crawl Stone Soup version 0.29.1-15-g9cfb28693d (webtiles) character file.

Game seed: 4994430791615389081

9727 hawla the Thaumaturge (level 12, -7/85 HPs)
             Began as a Meteoran Fire Elementalist on Apr 27, 2023.
             Killed from afar by an efreet (18 damage)
             ... with a bolt of fire
             ... on level 9 of the Dungeon.
             The game lasted 00:17:14 (4956 turns).

hawla the Thaumaturge (Meteoran Fire Elementalist)  Turns: 4956, Time: 00:17:15

Health: -7/85      AC:  8    Str: 13    XL:     12   Next: 9%
Magic:  3/39       EV: 14    Int: 22    God:
Gold:   128        SH:  5    Dex: 15    Spells: 31/38 levels left

rFire   . . .      SeeInvis +   a - staff of conjuration
rCold   . . .      Faith    .   J - orb {*channel}
rNeg    . . .      Spirit   .   r - +2 robe of Woyze {Harm Will+ MP+9 Str+3}
rPois   .          Reflect  +   G - +2 hat
rElec   .          Harm     +   x - +0 cloak
rCorr   .          Rampage  .   (no gloves)
Will    ++...                   n - +0 pair of boots
Stlth   +.........              k - amulet of reflection
HPRegen 0.24/turn               p - ring of see invisible
MPRegen 0.26/turn               (no ring)

@: about to teleport, glowing
A: sense surroundings 2, otherworldly, glowing, explore regen
a: no special abilities


You were on level 9 of the Dungeon.
You visited 2 branches of the dungeon, and saw 10 of its levels.
You also visited: Ossuary.

You collected 706 gold pieces.
You spent 578 gold pieces at shops.

Inventory:

Hand Weapons
 c - a +1 whip of electrocution
Armour
 n - a +0 pair of boots (worn)
 r - the +2 robe of Woyze (worn) {Harm Will+ MP+9 Str+3}
   (You bought it in a shop on level 4 of the Dungeon)

   Str:       It affects your strength (+3).
   MP:        It affects your magic capacity (+9).
   Harm:      It increases damage dealt and taken.
   Will:      It increases your willpower.
 v - +0 steam dragon scales
 x - a +0 cloak (worn)
 y - the +1 robe "Epnuw" {Rampage *Corrode +Blink SInv}
   (You bought it in a shop on level 8 of the Dungeon)

   SInv:      It lets you see invisible.
   +Blink:    It lets you blink.
   *Corrode:  It may corrode you when you take damage.
   Rampage:   It bestows one free step when moving towards enemies.
 F - the +1 robe "Dekh" {rElec rF+ Dex+7}
   (You bought it in a shop on level 8 of the Dungeon)

   Dex:       It affects your dexterity (+7).
   rF:        It protects you from fire.
   rElec:     It insulates you from electricity.
 G - a +2 hat (worn)
 J - an orb of energy (worn)
Magical Staves
 a - a staff of conjuration (weapon)
Jewellery
 k - an amulet of reflection (around neck)
 p - a ring of see invisible (left hand)
 z - a ring of positive energy
Wands
 s - a wand of paralysis (2) (quivered)
Scrolls
 e - a scroll of poison
 j - 6 scrolls of identify
 l - a scroll of immolation
 q - a scroll of enchant weapon {unknown}
 t - a scroll of vulnerability {unknown}
 C - a scroll of enchant armour {unknown}
 H - a scroll of magic mapping {unknown}
 I - a scroll of amnesia {unknown}
Potions
 b - 2 potions of magic
 d - 4 potions of curing
 g - 3 potions of resistance {unknown}
 m - a potion of mutation {unknown}
 o - 4 potions of brilliance {unknown}
 u - 3 potions of attraction {unknown}
 w - 2 potions of flight {unknown}
 A - a potion of lignification {unknown}
 B - 3 potions of haste {unknown}
 D - a potion of cancellation {unknown}
 E - a potion of degeneration {unknown}


   Skills:
 + Level 2.0 Fighting
 + Level 1.3 Staves
 + Level 4.5 Dodging
 - Level 1.4 Stealth
 + Level 13.5 Spellcasting
 + Level 8.4 Conjurations
 + Level 13.2 Fire Magic
 + Level 3.1 Evocations


You had 31 spell levels left.
You knew the following spells:

 Your Spells              Type           Power      Damage    Failure   Level
a - Foxfire               Conj/Fire      100%       2x1d9     1%          1
b - Scorch                Fire           100%       2d10      1%          2
c - Flame Wave            Conj/Fire      76%        2d17      1%          4

Your spell library contained the following spells:

 Spells                   Type           Power      Damage    Failure   Level
 Conjure Flame            Conj/Fire      76%        6-21      1%          3
 Inner Flame              Hex/Fire       44%        N/A       1%          3


Dungeon Overview and Level Annotations

Branches:
Dungeon (9/15) Zot: 611    Temple (1/1) D:6 Zot: 584 Ossuary (visited)
   Lair: D:8-11         Orc: D:9-12

Altars:
Ashenzari
Cheibriados
Dithmenos
Elyvilon
Fedhas
Gozag
Hepliaklqana
Kikubaaqudgha
Nemelex Xobeh
Okawaru
Qazlal
Ru
Trog
Uskayaw
Wu Jian
Xom
Yredelemnul
Zin
The Shining One

Shops:
D:4 [**?[   D:8 [


Innate Abilities, Weirdness & Mutations

You passively map the area around you.
You are easily found by Zot.
You glow in the dark.
You regain HP and MP as you explore.


Message History

Confirm with . or Enter, or press ? or * to list all spells.
Flames lash the troll.
You kill the troll!
The troll leather armour is intact enough to wear.
The two-headed ogre hits you with a +0 giant spiked club!!!
Ouch! That really hurt!
* * * LOW HITPOINT WARNING * * *
The two-headed ogre misses you.
You have reached level 12!
You feel stronger.
You feel much better.
Casting: Scorch (safe; 1% risk of failure)
Confirm with . or Enter, or press ? or * to list all spells.
Casting: Flame Wave (mildly dangerous; 1% risk of failure)
Press: ? - help, Dir - look around, f - activate You feel a surge of power!
A wave of flame ripples out!
The flame wave engulfs the two-headed ogre!
The two-headed ogre is almost dead. (Press . to intensify the flame waves.)
You block the two-headed ogre's attack.
The two-headed ogre hits you with a +0 giant club.
* * * LOW HITPOINT WARNING * * *
An orc priest comes into view. It is wielding a +0 dagger.
A wave of flame ripples out!
The flame wave engulfs the two-headed ogre!
You kill the two-headed ogre!
The orc priest looks braver for a moment.
Your Fighting skill increases to level 2!
Unknown command.
As you read the scroll of teleportation, it crumbles to dust.
You feel strangely unstable. The efreet gestures at you.
The fireball explodes!
The fireball engulfs you!
* * * LOW HITPOINT WARNING * * *
Unknown command.
Okay, then.
You feel better. The efreet gestures at you. The bolt of fire hits you!
You die...

#...##..##(#..##.[...####...
###8.8##..##.#................
#..†............##.....#######
#.##8R8##.##).#.###...........#
, #(○K##(##.)#.###.>..........
##.#####.###..####.#.......# **
#C. *#(..##...###.##......# *
,B}[ #(###.#....R○○○........ ,
, ..#...#* #.@.#####.##......#
* *)}...# #.#)#####.##......# ,
..#.* ..##[..............†
**#,#* #.# #.#.###.##......# *
** ..# #.#.# #.######### ,* *
#o# #...# #.# # ... , ..### #.#
# , .# ,* #.# #.# # * * , #$.
#.# #


You could see an efreet and an orc priest.

Vanquished Creatures
  A boulder beetle (D:9)
  3 two-headed ogres
  A skeletal warrior (D:9)
  Pikel (D:7)
  A manticore (D:8)
  A cyclops (D:9)
  Maggie (D:7)
  A tarantella (shapeshifter) (D:9)
  A troll (D:9)
  A shadow (D:9)
  4 wyverns
  Grum (D:8)
  3 steam dragons
  An acid dragon (D:9)
  5 water moccasins
  2 orc warriors
  2 ice beasts (D:7)
  2 ogres
  2 sky beasts
  4 wolves (D:8)
  6 centaurs
  3 lemures (D:7)
  A phantom (D:6)
  2 kobold brigands
  4 bullfrogs
  A gnoll sergeant (D:7)
  2 scorpions
  A killer bee (D:9)
  A howler monkey (D:6)
  3 jellies
  4 hounds
  6 orc priests
  3 iguanas
  4 orc wizards
  8 mummies (Ossuary)
  5 gnolls (D:7)
  9 adders
  3 white imps
  A dart slug (D:2)
  16 orcs
  2 ball pythons
  2 endoplasms
  A giant cockroach (D:2)
  3 goblins
  3 hobgoblins
  8 kobolds
  A quokka (D:4)
  A gnoll zombie (Ossuary)
  2 hobgoblin zombies (Ossuary)
  A jackal zombie (D:8)
  3 kobold zombies (Ossuary)
  2 orc zombies (Ossuary)
  3 rats (D:2)
153 creatures vanquished.

Vanquished Creatures (collateral kills)
  A foxfire (D:4)
1 creature vanquished.

Vanquished Creatures (others)
  233 foxfires
233 creatures vanquished.

Grand Total: 387 creatures vanquished

Notes
Turn   | Place    | Note
-------+----------+-------------------------------------------
     0 | D:1      | hawla the Meteoran Fire Elementalist began the quest for
                  | the Orb.
     0 | D:1      | Reached XP level 1. HP: 14/14 MP: 5/5
    54 | D:2      | Reached XP level 2. HP: 13/20 MP: 1/6
    57 | D:2      | Learned a level 2 spell: Scorch
   169 | D:2      | Found a faded altar of an unknown god.
   177 | D:2      | Noticed a jelly
   183 | D:2      | Killed a jelly
   184 | D:2      | Reached XP level 3. HP: 15/26 MP: 1/8
   184 | D:2      | Reached XP level 4. HP: 19/33 MP: 1/9
   193 | D:2      | Learned a level 4 spell: Flame Wave
   599 | D:4      | Found Jivvianofa's Antique Armour Emporium.
   604 | D:4      | Noticed an ogre
   611 | D:4      | Killed an ogre
   612 | D:4      | Reached XP level 5. HP: 24/38 MP: 1/10
   612 | D:4      | Reached XP level 6. HP: 29/45 MP: 1/11
   645 | D:4      | Reached skill level 5 in Fire Magic
   656 | D:4      | Noticed a water moccasin
   662 | D:4      | Killed a water moccasin
   663 | D:4      | Reached skill level 5 in Conjurations
   702 | D:4      | Found Tiewog's Magic Scroll Shoppe.
   720 | D:4      | Found Facaodap's General Store.
   736 | D:4      | Reached XP level 7. HP: 50/50 MP: 8/14
   737 | D:4      | Found Vuxig's General Store.
   745 | D:4      | Bought a potion of heal wounds for 55 gold pieces
   859 | D:4      | Found Dighuhol's Armour Boutique.
  1321 | D:5      | Entered Level 5 of the Dungeon
  1339 | D:5      | Noticed a water moccasin
  1346 | D:5      | Killed a water moccasin
  1365 | D:5      | Found a sparkling altar of Nemelex Xobeh.
  1401 | D:5      | Reached XP level 8. HP: 49/58 MP: 8/16
  1406 | D:5      | Reached skill level 5 in Spellcasting
  1610 | D:5      | Found a stormy altar of Qazlal.
  1690 | D:5      | Found a hide-covered altar of Uskayaw.
  1800 | D:6      | Found a hazy altar of Hepliaklqana.
  1874 | D:6      | Found a staircase to the Ecumenical Temple.
  1981 | D:4      | Bought an ancient robe for 159 gold pieces
  1981 | D:4      | Identified the +2 robe of Woyze {Harm Will+ MP+9 Str+3}
                  | (You bought it in a shop on level 4 of the Dungeon)
  2118 | D:6      | Gained mutation: You passively map the area around you.
                  | [Meteoran growth]
  2118 | D:6      | Reached XP level 9. HP: 63/63 MP: 20/20
  2662 | Temple   | Entered the Ecumenical Temple
  2693 | D:7      | Found a basalt altar of Yredelemnul.
  2718 | D:7      | Noticed Pikel
  2727 | D:7      | Killed Pikel
  2834 | D:7      | Found a blossoming altar of Fedhas.
  2889 | D:7      | Reached XP level 10. HP: 35/70 MP: 18/24
  2924 | D:7      | Reached skill level 10 in Fire Magic
  3036 | D:7      | Reached skill level 1 in Fighting
  3075 | D:7      | Noticed Maggie
  3082 | D:7      | Killed Maggie
  3083 | D:7      | Reached skill level 10 in Spellcasting
  3496 | D:8      | Found Nesikon's Antique Armour Shop.
  3541 | D:8      | Bought a heavy robe for 182 gold pieces
  3541 | D:8      | Identified the +1 robe "Epnuw" {Rampage *Corrode +Blink
                  | SInv} (You bought it in a shop on level 8 of the Dungeon)
  3707 | D:8      | Found a shadowy altar of Dithmenos.
  3738 | D:8      | Noticed a two-headed ogre
  3742 | D:8      | Killed a two-headed ogre
  3743 | D:8      | Reached skill level 1 in Staves
  3786 | D:8      | Noticed Grum
  3794 | D:8      | Reached XP level 11. HP: 70/77 MP: 25/27
  3794 | D:8      | Killed Grum
  3796 | D:8      | Noticed a manticore
  3802 | D:8      | Killed a manticore
  3854 | D:8      | Found a sand-covered staircase.
  3866 | Ossuary  | Entered an ossuary
  4094 | D:8      | Bought a wizard robe for 182 gold pieces
  4094 | D:8      | Identified the +1 robe "Dekh" {rElec rF+ Dex+7} (You bought
                  | it in a shop on level 8 of the Dungeon)
  4764 | D:9      | Found an ancient bone altar of Kikubaaqudgha.
  4795 | D:9      | Noticed a two-headed ogre
  4800 | D:9      | Killed a two-headed ogre
  4854 | D:9      | Noticed a boulder beetle
  4855 | D:9      | Noticed a skeletal warrior
  4856 | D:9      | Noticed a cyclops
  4869 | D:9      | Killed a skeletal warrior
  4935 | D:9      | Killed a cyclops
  4936 | D:9      | Killed a boulder beetle
  4942 | D:9      | Noticed a two-headed ogre
  4952 | D:9      | Reached XP level 12. HP: 4/85 MP: 6/30
  4954 | D:9      | Killed a two-headed ogre
  4956 | D:9      | Killed from afar by an efreet

Illustrated notes

Levels and vault maps discovered:
D:1:      lightli_arrival_quake, layout_loops_corners, minmay_worlds_worst_comb
D:2:      layout_loops_corners, hellmonk_ecumenical_altar_arch_garden
D:3:      layout_loops_ring, nicolae_sif_muna_little_library
D:4:      layout_basic, serial_shops, nicolae_shop_overgrown_old_shop,
          shop_fountains, shop, kennysheep_mini_moat, shop
D:5:      layout_rooms, nemelex_spade_bored_becter, mainiacjoe_overflow_paths,
          mainiacjoe_overflow_chevrons, kennysheep_flooded_box,
          corexii_item_surrounded_by_moat
D:6:      layout_basic, worldfamousw_hep_ancestral_shrine,
          minmay_temple_entry_proselytizer
D:7:      layout_gridville, yredelemnul_altar_generic, fedhas_altar_1,
          grunt_ministairs_5, grunt_decor_fettered, uniq_pikel, uniq_maggie
D:8:      layout_loops_corners, nicolae_dithmenos_through_a_glass_darkly,
          serial_shops, shop, enter_ossuary_3, uniq_grum
D:9:      minmay_the_grid_square_5x5_3x3 [minmay_the_grid_square_5x5_two_small,
          minmay_the_grid_square_5x5_half_checkered,
          minmay_the_grid_square_5x5_n, minmay_the_grid_square_5x5_beaten_path,
          minmay_the_grid_square_5x5_megaprize_crossed,
          minmay_the_grid_square_5x5_spiral_small,
          minmay_the_grid_square_5x5_almost_minimal,
          minmay_the_grid_square_5x5_fancy_junction,
          minmay_the_grid_square_5x5_intrusive_squares], layout_rooms,
          nicolae_kikubaaqudgha_miasma_corner
Temple:   minmay_freezing_vapour_temple

Skill      XL: |  1  2  3  4  5  6  7  8  9 10 11 12 |
---------------+-------------------------------------+-----
Fire Magic     | 4 5 6 8 9 11 13 | 13.2
Spellcasting   | 3 4 6 9 11 13 | 13.5
Conjurations   | 4 5 6 7 8 |  8.4
Dodging        | 3 4 |  4.5
Evocations     | 3 |  3.1
Fighting       | 1 2 |  2.0
Staves         | 1 |  1.3
Stealth        | |  1.4

Action                   |  1- 3 |  4- 6 |  7- 9 | 10-12 || total
-------------------------+-------+-------+-------+-------++-------
Melee: Whip              |     3 |     3 |       |       ||     6
       Quarterstaff      |       |       |     3 |     8 ||    11
       Staff             |       |       |       |     5 ||     5
 Cast: Foxfire           |     9 |    30 |    52 |    52 ||   143
       Scorch            |     1 |     8 |    26 |    48 ||    83
       Flame Wave        |       |     1 |     9 |    20 ||    30
Evoke: Wand              |       |       |       |     3 ||     3
  Use: Potion            |       |       |       |     5 ||     5
       Scroll            |       |       |       |     4 ||     4
Armor: Robe              |       |     1 |     4 |    20 ||    25
Dodge: Dodged            |     1 |     3 |    16 |    32 ||    52
Block: Other             |       |       |     3 |    11 ||    14
       Reflection        |       |       |     2 |     2 ||     4
       Orb               |       |       |       |     5 ||     5
